 Dungeon Crawl Stone Soup version 0.24.0-123-gd5b16e6ec5 (webtiles) character file.

Game seed: 531047153740594697, levelgen mode: deterministic

2394 Jynx the Basher (level 9, -3/70 HPs)
             Began as a Minotaur Fighter on Jan 8, 2020.
             Was a Follower of Okawaru.
             Killed from afar by a gargoyle (15 damage)
             ... with a stone arrow
             ... on level 7 of the Dungeon.
             The game lasted 00:09:25 (6359 turns).

Jynx the Basher (Minotaur Fighter)                  Turns: 6359, Time: 00:09:26

Health: -3/70      AC:  8    Str: 23    XL:     9   Next: 22%
Magic:  17/17      EV: 10    Int:  5    God:    Okawaru [*.....]
Gold:   232        SH:  0    Dex: 11    Spells: 8/8 levels left

rFire    . . .     SeeInvis .   q - +0 morningstar
rCold    . . .     Gourm    .   (no shield)
rNeg     . . .     Faith    .   b - +3 ring mail
rPois    .         Spirit   .   (helmet restricted)
rElec    .         Reflect  .   (no cloak)
rCorr    .         Harm     .   (no gloves)
MR       +....                  (no boots)
Stlth    +.........             (no amulet)
HPRegen  0.21/turn              m - ring of protection from magic
MPRegen  0.15/turn              h - ring of magical power

@: no status effects
A: retaliatory headbutt, horns 2
a: Heroism, Renounce Religion


You were on level 7 of the Dungeon.
You worshipped Okawaru.
Okawaru was aware of your devotion.
You were hungry.

You visited 2 branches of the dungeon, and saw 8 of its levels.

You collected 232 gold pieces.

Inventory:

Hand Weapons
 q - a +0 morningstar (weapon)
Armour
 b - a +3 ring mail (worn)
 c - a +0 shield
Jewellery
 h - a ring of magical power (right hand)
 m - a ring of protection from magic (left hand)
Wands
 n - a wand of iceblast (7)
Scrolls
 d - a scroll of immolation
 g - a scroll of amnesia {unknown}
 i - 4 scrolls of teleportation
 r - a scroll of blinking {unknown}
 t - 2 scrolls of fear
 w - a scroll of enchant weapon {unknown}
Potions
 a - a potion of invisibility
 e - 2 potions of mutation
 j - a potion of heal wounds {unknown}
 k - a potion of degeneration {unknown}
 l - a potion of ambrosia {unknown}
 p - 2 potions of brilliance
 s - 2 potions of flight
 v - a potion of haste {unknown}
Comestibles
 f - 12 rations


   Skills:
 - Level 3.6 Fighting
 + Level 14.2 Maces & Flails
 - Level 3.7 Armour
 - Level 3.7 Shields


You had 8 spell levels left.
You didn't know any spells.
Your spell library contained the following spells:

 Spells                   Type           Power        Failure   Level  Hunger
 Corona                   Hex            #......      63%         1    ##.....
 Magic Dart               Conj           #...         63%         1    ##.....
 Blink                    Tloc           N/A          77%         2    ###....
 Call Imp                 Summ           #.......     77%         2    ###....
 Ensorcelled Hibernation  Hex/Ice        #.....       77%         2    ###....
 Slow                     Hex            #.......     77%         2    ###....
 Confuse                  Hex            #.......     94%         3    ####...
 Conjure Flame            Conj/Fire      #.......     94%         3    ####...
 Dazzling Spray           Conj/Hex       #.....       94%         3    ####...
 Mephitic Cloud           Conj/Pois/Air  #.......     94%         3    ####...
 Tukima's Dance           Hex            #.......     94%         3    ####...


Dungeon Overview and Level Annotations

Branches:
Dungeon (7/15)             Temple (1/1) D:5

Altars:
Ashenzari
Cheibriados
Dithmenos
Elyvilon
Fedhas
Hepliaklqana
Kikubaaqudgha
Makhleb
Nemelex Xobeh
Okawaru
Qazlal
Ru
Sif Muna
Uskayaw
Vehumet
Wu Jian
Xom
Yredelemnul
The Shining One

Annotations:
D:7 2 transporters, Delamore's ghost, novice FoFi


Innate Abilities, Weirdness & Mutations

You reflexively headbutt those who attack you in melee.
You have a pair of horns on your head.


Message History

Okawaru accepts your kill.
You feel better. The gargoyle barely misses you.
You hit the gargoyle.
You headbutt the gargoyle, but do no damage.
The gargoyle is almost destroyed.
The gargoyle hits you but does no damage.
You are feeling hungry.
You barely miss the gargoyle.
The gargoyle is almost destroyed.
The gargoyle hurls a stone arrow at you.
The stone arrow hits you!
* * * LOW HITPOINT WARNING * * *
You barely miss the gargoyle.
The gargoyle is almost destroyed.
All of the chunks of flesh in your inventory have rotted away.
You hit the gargoyle but do no damage.
The gargoyle is almost destroyed.
The gargoyle hurls a stone arrow at you.
The stone arrow hits you!
You die...

#######.###......
#......#####
##.##.##.....
#....#8..#.#
#.##.#c.#...
#....#........$
#...©#....©...!#
#.#9.#l.....(.[#
#.##@#Wh#.%.#..#
#.##.#8..#.#..8#
#.##.##©......##
..##..#########.
#####...........
####.####### #.#
#.# #.#


You could see a centaur warrior, a gargoyle, an iguana, a hound and Delamore's
ghost.

Vanquished Creatures
  A water moccasin (D:7)
  An ice beast (D:6)
  3 phantoms
  An orc warrior (D:6)
  A necrophage (D:6)
  5 ogres
  A centaur (D:3)
  4 bullfrogs
  A gnoll sergeant (D:6)
  A howler monkey (D:5)
  A bullfrog zombie (D:6)
  A quasit (D:6)
  2 crimson imps
  2 hounds
  A bullfrog skeleton (D:5)
  4 orc priests
  A jelly (D:4)
  3 iguanas
  5 worker ants
  A hound skeleton (D:6)
  A worker ant zombie (D:7)
  7 gnolls
  A howler monkey skeleton (D:4)
  10 adders
  A shadow imp (D:7)
  An ooze (D:1)
  An adder skeleton (D:7)
  4 worms
  3 dart slugs
  6 leopard geckos
  15 orcs
  4 giant cockroaches
  7 goblins
  12 hobgoblins
  9 jackals
  5 kobolds
  3 ball pythons
  6 bats
  8 frilled lizards
  2 giant cockroach zombies
  A jackal skeleton (D:4)
  A leopard gecko skeleton (D:4)
  A leopard gecko zombie (D:6)
  A quokka skeleton (D:4)
  8 rats
158 creatures vanquished.

Notes
Turn   | Place    | Note
-------+----------+-------------------------------------------
     0 | D:1      | Jynx the Minotaur Fighter began the quest for the Orb.
     0 | D:1      | Reached XP level 1. HP: 19/19 MP: 0/0
   170 | D:1      | Reached skill level 3 in Maces & Flails
   173 | D:1      | Reached XP level 2. HP: 26/26 MP: 1/1
   326 | D:1      | Reached skill level 4 in Maces & Flails
   650 | D:1      | Reached XP level 3. HP: 31/31 MP: 2/2
   923 | D:2      | Reached skill level 5 in Maces & Flails
   934 | D:2      | Reached XP level 4. HP: 36/39 MP: 3/3
  1388 | D:2      | Reached skill level 6 in Maces & Flails
  1597 | D:2      | Reached XP level 5. HP: 45/45 MP: 4/4
  2679 | D:3      | Reached skill level 7 in Maces & Flails
  2709 | D:3      | Noticed a centaur
  2714 | D:3      | Killed a centaur
  2714 | D:3      | Reached XP level 6. HP: 37/51 MP: 5/5
  2999 | D:4      | Reached skill level 8 in Maces & Flails
  3199 | D:4      | Reached skill level 9 in Maces & Flails
  3258 | D:4      | Reached XP level 7. HP: 47/57 MP: 6/6
  3481 | D:4      | Found a stormy altar of Qazlal.
  3481 | D:4      | Found an ancient bone altar of Kikubaaqudgha.
  3482 | D:4      | Found a shimmering altar of Xom.
  3681 | D:4      | Reached skill level 10 in Maces & Flails
  4372 | D:5      | Entered Level 5 of the Dungeon
  4590 | D:5      | Found a staircase to the Ecumenical Temple.
  4602 | Temple   | Entered the Ecumenical Temple
  4690 | Temple   | Became a worshipper of Warmaster Okawaru
  4737 | D:5      | Reached skill level 11 in Maces & Flails
  4790 | D:5      | Reached XP level 8. HP: 63/64 MP: 7/7
  5024 | D:6      | Reached skill level 12 in Maces & Flails
  5297 | D:6      | Reached * piety under Okawaru
  5601 | D:6      | Reached skill level 13 in Maces & Flails
  5764 | D:6      | Reached XP level 9. HP: 69/69 MP: 8/8
  5862 | D:6      | Found a shattered altar of Ashenzari.
  6113 | D:7      | Reached ** piety under Okawaru
  6113 | D:7      | Reached skill level 14 in Maces & Flails
  6299 | D:7      | Found a transporter.
  6302 | D:7      | Noticed a centaur warrior
  6302 | D:7      | Noticed Delamore's ghost (novice FoFi)
  6303 | D:7      | Found a transporter.
  6321 | D:7      | Noticed a gargoyle
  6359 | D:7      | Killed from afar by a gargoyle

Levels and vault maps discovered:
D:1:      dpeg_arrival_radiant, layout_basic
D:2:      layout_basic
D:3:      layout_basic, serial_corexii_hall, corexii_hall_statues_t,
          corexii_hall_statues_t, first_ration
D:4:      layout_layer_cave, gammafunk_temple_overflow_claw
D:5:      layout_cave_pools, minmay_temple_entry_large_hall
D:6:      layout_basic, nicolae_ashenzari_panopticon
D:7:      layout_loops_ring, trog_ov_bears_minmay, gammafunk_ghost_arena,
          chequers_jeans, grunt_ogre_cave, uniq_crazy_yiuf_cottage
Temple:   eino_temple_scatter_basement

Skill      XL: |  1  2  3  4  5  6  7  8  9 |
---------------+----------------------------+-----
Maces & Flails | 3 4 5 6 7 9 11 13 14 | 14.2
Fighting       | |  3.6
Armour         | |  3.7
Shields        | |  3.7

Action                   |  1- 3 |  4- 6 |  7- 9 || total
-------------------------+-------+-------+-------++-------
Melee: Flail             |    47 |   170 |       ||   217
       Headbutt          |     6 |    27 |    35 ||    68
       Morningstar       |       |    12 |   221 ||   233
Invok: Heroism           |       |       |     1 ||     1
  Use: Scroll            |       |     5 |     6 ||    11
       Potion            |       |     1 |     2 ||     3
  Eat: Chunk             |       |     8 |     9 ||    17
Armor: Scale mail        |    33 |    75 |    22 ||   130
       Chain mail        |       |       |    36 ||    36
       Ring mail         |       |       |    15 ||    15
Dodge: Dodged            |    36 |    94 |    99 ||   229
Block: Shield            |     2 |       |       ||     2
